 Dungeon Crawl Stone Soup version 0.27.0-1-g7a089689b8 (webtiles) character file.

Game seed: 10217546937820529706

118 nicksoapdish the Chiller (level 4, -5/29 (30) HPs)
             Began as a Demonspawn Ice Elementalist on Aug 16, 2021.
             Killed from afar by a starcursed mass (6 damage)
             ... with an accursed screaming
             ... on level 1 of the Abyss.
             The game lasted 00:09:06 (3372 turns).

nicksoapdish the Chiller (DsIE)                     Turns: 3372, Time: 00:09:07

HP:   -5/29 (30)    AC:  4    Str:  9    XL:     4   Next: 72%
MP:   9/9           EV: 12    Int: 17    God:
Gold: 83            SH:  0    Dex: 13    Spells: 2/9 levels left

rFire    . . .     SeeInvis .   o - +2 quarterstaff (spect)
rCold    . . .     Faith    .   (shield currently unavailable)
rNeg     . . .     Spirit   .   g - +0 robe
rPois    .         Reflect  .   (helmet restricted)
rElec    .         Harm     .   (no cloak)
rCorr    .         Rampage  .   (no gloves)
Will     .....                  (no boots)
Stlth    ++........             (no amulet)
HPRegen  0.09/turn              (no ring)
MPRegen  0.11/turn              (no ring)

@: lightly drained
A: horns 1, slimy green scales 1
a: no special abilities


You were on level 1 of the Abyss.
You visited 1 branch of the dungeon, and saw 3 of its levels.
You visited the Abyss 1 time.

You collected 83 gold pieces.

Inventory:

Hand Weapons
 h - a +0 dagger
 o - a +2 spectral quarterstaff (weapon)
Armour
 g - a +0 robe (worn)
 n - the +1 scale mail of the Bagpipe {Harm}
   (You found it on level 1 of the Abyss)

   Harm:      It increases damage dealt and taken.
Magical Staves
 a - a staff of fire
Jewellery
 l - a ring of flight
Scrolls
 b - 2 scrolls of blinking
 c - a scroll of identify {unknown}
 d - a scroll of noise {unknown}
 i - a scroll of teleportation {unknown}
 j - a scroll of magic mapping {unknown}
 m - a scroll of holy word {unknown}
Potions
 e - a potion of degeneration {unknown}
 f - a potion of resistance
 k - a potion of curing {unknown}


   Skills:
 + Level 0.2 Staves
 - Level 1.7 Dodging
 - Level 1.7 Stealth
 + Level 3.3 Spellcasting
 * Level 4.8 Ice Magic


You had 2 spell levels left.
You knew the following spells:

 Your Spells              Type           Power      Damage    Failure   Level
a - Freeze                Ice            76%        1d9       2%          1
b - Frozen Ramparts       Ice            38%        1d5       7%          3
c - Ozocubu's Armour      Ice            19%        N/A       7%          3

Your spell library contained the following spells:

 Spells                   Type           Power      Damage    Failure   Level
 Hailstorm                Conj/Ice       11%        3d5       52%         4


Dungeon Overview and Level Annotations

Branches:
Dungeon (3/15)

Altars:
The Shining One

Annotations:
D:3 Sigmund


Innate Abilities, Weirdness & Mutations

You have a pair of small horns on your head.
You are partially covered in slimy green scales. (AC +2)


Message History

The wall freezes Sigmund.
Sigmund closely misses you.
The wall freezes Sigmund.
Sigmund barely misses you.
The wall freezes Sigmund.
Sigmund hits you from afar with a +3 scythe of distortion.
You are cast into the Abyss!
The frozen ramparts melt away.
To return, you must find a gate leading back.
Killing monsters will force the Abyss to allow you passage.
This branch contains the abyssal rune of Zot.
Your icy armour cracks and falls away as you move.
You start to feel less resistant.
HP restored.
Your resistance to elements expires.
Magic restored.
Found a twisted scale mail.
You see here the +1 scale mail of the Bagpipe {Harm}.
n - the +1 scale mail of the Bagpipe {Harm}
Found a runed quarterstaff and 20 stones.
You see here a +2 spectral quarterstaff.
o - a +2 spectral quarterstaff You enter the shallow water.
Moving in this stuff is going to be slow.
A small abomination comes into view.
You feel a bond with your your +2 spectral quarterstaff.
o - a +2 spectral quarterstaff (weapon)
A starcursed mass splits.
A starcursed mass splits.
A chorus of shrieks assaults your mind.
A starcursed mass splits.
A chorus of shrieks assaults your mind. A chorus of shrieks assaults your mind.
* * * LOW HITPOINT WARNING * * *
A starcursed mass splits.
A starcursed mass splits.
The worldbinder calls forth creatures from the Snake Pit!
The starcursed mass shrieks in your mind.
* * * LOW HITPOINT WARNING * * *
A wind drake comes into view.
A chorus of shrieks assaults your mind.
You die...

X.#
##...#..#..#..#..k
.X.#.
.#....N#.#....##
.#.X.. #.............
..#.#.#.#X.X........#
.. .# #...#..x....# #
..#. .#..#.#.....#.
.# . .#
##.#..##....##..# #
.## #.#..#..#.#..###
.. #
###.....##.@....# # .
.##.#.....###.... # .
.# #....#..# . . #.##
####...#. # ######. .
#


You could see 2 starcursed masses, a worldbinder and a naga (summoned).

Vanquished Creatures
  2 adders (D:2)
  4 gnolls
  A dart slug (D:1)
  An orc (D:3)
  4 endoplasms
  10 giant cockroaches
  3 goblins
  3 hobgoblins
  4 jackals (D:1)
  2 quokkas
  5 ball pythons
  9 bats
  3 frilled lizards
  3 kobolds
  3 rats
57 creatures vanquished.

Notes
Turn   | Place    | Note
-------+----------+-------------------------------------------
     0 | D:1      | nicksoapdish the Demonspawn Ice Elementalist began the
                  | quest for the Orb.
     0 | D:1      | Reached XP level 1. HP: 13/13 MP: 3/3
   489 | D:1      | Gained mutation: You are partially covered in slimy green
                  | scales. (AC +2) [demonic ancestry]
   489 | D:1      | Reached XP level 2. HP: 16/19 MP: 1/5
   523 | D:1      | Reached skill level 4 in Ice Magic
   709 | D:1      | Found a faded altar of an unknown god.
   887 | D:1      | Gained mutation: You have a pair of small horns on your
                  | head. [demonic ancestry]
   887 | D:1      | Reached XP level 3. HP: 23/24 MP: 3/6
   969 | D:1      | Learned a level 3 spell: Frozen Ramparts
   973 | D:1      | Learned a level 3 spell: Ozocubu's Armour
  2372 | D:2      | Reached XP level 4. HP: 25/25 MP: 6/8
  3256 | D:3      | Noticed Sigmund
  3268 | D:3      | Cast into level 1 of the Abyss (Sigmund)
  3324 | Abyss:1  | Identified the +1 scale mail of the Bagpipe {Harm}
  3354 | Abyss:1  | Noticed a small abomination
  3355 | Abyss:1  | Noticed a starcursed mass
  3365 | Abyss:1  | Noticed a worldbinder
  3369 | Abyss:1  | HP: 1/29 [starcursed mass/accursed screaming (4)]
  3369 | Abyss:1  | Noticed a naga
  3370 | Abyss:1  | Noticed a wind drake
  3372 | Abyss:1  | Killed from afar by a starcursed mass

Illustrated notes

Levels and vault maps discovered:
D:1:      minmay_arrival_glassed_features, layout_basic,
          serial_co_window_serial, co_window_paths_b, co_window_corner_a,
          co_window_corner_a, co_window_cross_1, co_window_corner_a,
          co_window_paths_b, co_window_broadway_b, co_window_2corner,
          co_window_unsneaky_path_d, co_window_unsneaky_path_e,
          co_window_4corner_a, co_window_paths_e, glass_columns_a,
          glass_columns_c, glass_columns_a, basic_ecumenical_altar,
          grunt_decor_fettered, supply_closet_lemuel, minmay_misc_feat_room
D:2:      minmay_roachtagon, layout_loops_cross
D:3:      layout_rooms, overflow_temple_1_default, minmay_misc_feat_x,
          uniq_sigmund
Abyss:1:  base:
D:3

Skill      XL: |  1  2  3 |
---------------+----------+-----
Ice Magic      | 4 |  4.8
Spellcasting   | 3 |  3.3
Staves         | |  0.2
Dodging        | |  1.7
Stealth        | |  1.7

Action                   |  1- 3 |  4- 6 || total
-------------------------+-------+-------++-------
Melee: Unarmed           |    13 |       ||    13
       Staff             |     9 |    22 ||    31
       Headbutt          |     2 |     4 ||     6
 Cast: Freeze            |    48 |    13 ||    61
       Frozen Ramparts   |     6 |     5 ||    11
       Ozocubu's Armour  |     1 |     2 ||     3
  Use: Scroll            |     1 |       ||     1
       Potion            |       |     1 ||     1
Armor: Robe              |    18 |     5 ||    23
Dodge: Dodged            |    40 |    31 ||    71
